D7 vs 赵天天_苏塞湿地上路城区摔跤

Match 16530309
End
Construct Infanterie Kompanie
Selects Italian Coastal Battlegroup
Selects Coastal Reserves
Coastal Reserve
MG 42 Machine Gun Team
Coastal Reserve
Coastal Reserve
Selects Artillery Officer
Artillery Officer
Construct Panzergrenadier Kompanie
Pak 40 Anti-tank Gun Team
Selects Designate Defensive Line
Support Elements
Selects Designated Artillery Overwatch
Nebelwerfer 42 Rocket Launcher Team
Designate Defensive Line
Nebelwerfer 42 Rocket Launcher Team
Artillery Officer
Construct Panzer Kompanie
Panzer IV Medium Tank
Selects Coastal Wall
Designated Artillery Overwatch
Panzer IV Medium Tank
Designate Defensive Line
Pioneer Squad
Coastal Reserve
Designated Artillery Overwatch
Construct Panzer Kompanie
Coastal Reserve
Medical Bunker
Designated Artillery Overwatch
Designate Defensive Line
Panzer IV Medium Tank
Designated Artillery Overwatch
Side Skirts
Panzer IV Medium Tank
Stoßtruppen Squad
Designate Defensive Line
Pak 40 Anti-tank Gun Team
Panzer IV Medium Tank
Designate Defensive Line
Medical Bunker
Artillery Officer
Panzer IV Medium Tank
Designated Artillery Overwatch
Designate Defensive Line
Panzer IV Medium Tank
Coastal Reserve
Designate Defensive Line
Pioneer Squad
SargeGG
†Wehrmacht_502nd†Tigergruppe
Tirant
Hunter Dak 2.7
屁力火
天师傅
屁力火
Dirkradix
0
0

Comments sign in to comment!

No comments posted yet!